[Event "ICCopen2016"]
[Site "Internet Chess Club"]
[Date "2016.06.03"]
[Round "1"]
[White "playbr"]
[Black "Joshdaruca"]
[Result "0-1"]
[ICCResult "White resigns"]
[WhiteElo "1672"]
[BlackElo "2636"]
[Opening "French: advance, Wade variation"]
[ECO "C02"]
[NIC "FR.03"]
[Time "19:02:41"]
[TimeControl "180+0"]

1. e4 e6 2. d4 d5 3. e5 c5 4. c3 Bd7 5. Nf3 Qb6 6. Bd3 Nc6 7. Nbd2 cxd4 8.
cxd4 Nxd4 9. Nxd4 Qxd4 10. Nf3 Qb6 11. Qa4 Bxa4 {White resigns} 0-1

[Event "ICCopen2016"]
[Site "Internet Chess Club"]
[Date "2016.06.03"]
[Round "1"]
[White "DARKTRUDER"]
[Black "discdude"]
[Result "1-0"]
[ICCResult "Black resigns"]
[WhiteElo "2290"]
[BlackElo "1443"]
[Opening "French: Rubinstein variation"]
[ECO "C10"]
[NIC "FR.07"]
[Time "19:03:27"]
[TimeControl "180+0"]

1. d4 e6 2. Nc3 d5 3. e4 dxe4 4. Nxe4 Be7 5. Nf3 Nf6 6. Bd3 b6 7. Qe2 Bb7 8.
Bg5 Nbd7 9. O-O-O h6 10. Bxf6 Nxf6 11. Ne5 Bxe4 12. Bxe4 Nxe4 13. Qxe4 O-O
14. Nc6 Qd7 15. d5 exd5 16. Nxe7+ Kh8 17. Rxd5 {Black resigns} 1-0

[Event "ICCopen2016"]
[Site "Internet Chess Club"]
[Date "2016.06.03"]
[Round "1"]
[White "blitzmaniac"]
[Black "wardjp"]
[Result "1-0"]
[ICCResult "Black resigns"]
[WhiteElo "2937"]
[BlackElo "1819"]
[Opening "Nimzovich-Larsen attack: modern variation"]
[ECO "A01"]
[NIC "VO.08"]
[Time "19:02:40"]
[TimeControl "180+0"]

1. b3 e5 2. Bb2 Nc6 3. e3 d5 4. Bb5 f6 5. Ne2 Bd6 6. O-O Ne7 7. f4 O-O 8.
Nbc3 a6 9. Bxc6 bxc6 10. Na4 Bg4 11. h3 Bxe2 12. Qxe2 exf4 13. exf4 Nf5 14.
Qe6+ {Black resigns} 1-0

[Event "ICCopen2016"]
[Site "Internet Chess Club"]
[Date "2016.06.03"]
[Round "1"]
[White "Cerealkiller"]
[Black "gmgattass"]
[Result "1-0"]
[ICCResult "Black resigns"]
[WhiteElo "1808"]
[BlackElo "2241"]
[Opening "QGD Slav: Carlsbad variation"]
[ECO "D17"]
[NIC "SL.04"]
[Time "19:02:48"]
[TimeControl "180+0"]

1. d4 d5 2. c4 c6 3. Nf3 Nf6 4. Nc3 dxc4 5. a4 Bf5 6. Ne5 Nbd7 7. Nxc4 Qc7
8. g3 e5 9. dxe5 Nxe5 10. Bf4 Rd8 11. Qc1 Nfd7 12. Bg2 Bb4 13. O-O Bxc3 14.
Qxc3 O-O 15. Nxe5 f6 16. Nxc6 Qb6 17. Ne7+ {Black resigns} 1-0

[Event "ICCopen2016"]
[Site "Internet Chess Club"]
[Date "2016.06.03"]
[Round "1"]
[White "Alright2015"]
[Black "chessdad"]
[Result "1-0"]
[ICCResult "Black checkmated"]
[WhiteElo "1980"]
[BlackElo "1227"]
[Opening "Réti: advance variation"]
[ECO "A09"]
[NIC "RE.16"]
[Time "19:02:48"]
[TimeControl "180+0"]

1. Nf3 d5 2. c4 d4 3. e3 dxe3 4. fxe3 Nf6 5. d4 Bf5 6. Nc3 e6 7. Qb3 Qc8 8.
Bd2 Be7 9. O-O-O O-O 10. Re1 Nc6 11. e4 Bg6 12. h4 Na5 13. Qc2 h6 14. Bd3
Bb4 15. h5 Bh7 16. e5 Bxd3 17. Qxd3 Nh7 18. g4 Bxc3 19. Bxc3 Nc6 20. g5 Qd8
21. gxh6 g6 22. hxg6 fxg6 23. Qxg6+ Kh8 24. Qg7# {Black checkmated} 1-0

[Event "ICCopen2016"]
[Site "Internet Chess Club"]
[Date "2016.06.03"]
[Round "1"]
[White "eltigrecu"]
[Black "Taechess"]
[Result "1-0"]
[ICCResult "Black resigns"]
[WhiteElo "2081"]
[BlackElo "1313"]
[Opening "Queen's pawn: Torre attack"]
[ECO "A40"]
[NIC "QP.04"]
[Time "19:03:02"]
[TimeControl "180+0"]

1. d4 e6 2. Nf3 Nf6 3. Bg5 c5 4. e3 h6 5. Bh4 d5 6. c3 Nc6 7. Nbd2 b6 8. Bb5
Bb7 9. Ne5 Qd6 10. Bg3 Nh5 11. Nxf7 Qe7 12. Ne5 Qd6 13. Qxh5+ Ke7 14. Ng6+
Kd7 15. Bxd6 {Black resigns} 1-0

[Event "ICCopen2016"]
[Site "Internet Chess Club"]
[Date "2016.06.03"]
[Round "1"]
[White "Maxbet"]
[Black "CountDooku"]
[Result "1-0"]
[ICCResult "Black resigns"]
[WhiteElo "2955"]
[BlackElo "1829"]
[Opening "Dutch: Leningrad, main variation"]
[ECO "A87"]
[NIC "HD.06"]
[Time "19:02:50"]
[TimeControl "180+0"]

1. d4 f5 2. Nf3 Nf6 3. g3 g6 4. Bg2 Bg7 5. c4 O-O 6. O-O d6 7. Nc3 Qe8 8. d5
Na6 9. Nd4 Bd7 10. Rb1 c5 11. dxc6 bxc6 12. b4 Rb8 13. a3 e5 14. Nc2 e4 15.
Qxd6 e3 16. Bxe3 Ne4 17. Nxe4 fxe4 18. Rbd1 Rd8 19. b5 cxb5 20. Qxa6 bxc4
21. Qxc4+ Kh8 22. Qxe4 Qf7 23. Qd5 Be6 24. Qxd8 Rxd8 25. Rxd8+ Bf8 26. Bh6
{Black resigns}
1-0

[Event "ICCopen2016"]
[Site "Internet Chess Club"]
[Date "2016.06.03"]
[Round "1"]
[White "kingmate"]
[Black "luckypawns"]
[Result "1-0"]
[ICCResult "Black resigns"]
[WhiteElo "2438"]
[BlackElo "1559"]
[Opening "Scandinavian (center counter) defense"]
[ECO "B01"]
[NIC "VO.17"]
[Time "19:03:49"]
[TimeControl "180+0"]

1. e4 d5 2. exd5 e6 3. dxe6 Bxe6 4. Nf3 Nf6 5. d4 Nc6 6. Nc3 Qe7 7. Be2
O-O-O 8. Be3 Ng4 9. O-O Nxe3 10. fxe3 Bg4 11. Qd2 Re8 12. Nd5 Qe6 13. c4 Ne7
14. Ng5 Qd7 15. Bxg4 f5 16. Nxe7+ Bxe7 17. Bxf5 {Black resigns} 1-0

[Event "ICCopen2016"]
[Site "Internet Chess Club"]
[Date "2016.06.03"]
[Round "1"]
[White "Mandragora"]
[Black "x22"]
[Result "0-1"]
[ICCResult "White resigns"]
[WhiteElo "1556"]
[BlackElo "2438"]
[Opening "Réti opening"]
[ECO "A04"]
[NIC "QP.11"]
[Time "19:03:01"]
[TimeControl "180+0"]

1. Nf3 e6 2. g3 c5 3. e4 Nc6 4. Bg2 Nf6 5. Nc3 d5 6. exd5 Nxd5 7. Nxd5 exd5
8. O-O d4 9. d3 Be7 10. Qe2 O-O 11. Re1 Bd6 12. Bd2 Bg4 13. Qf1 Qd7 14. Re4
f5 15. Rxg4 fxg4 16. Ng5 h6 17. Bd5+ Kh8 18. Nf7+ Rxf7 19. Bxf7 Qxf7 20. Re1
Ne5 21. Rxe5 Bxe5 {White resigns} 0-1

[Event "ICCopen2016"]
[Site "Internet Chess Club"]
[Date "2016.06.03"]
[Round "1"]
[White "Capitalist"]
[Black "Petergriffin"]
[Result "0-1"]
[ICCResult "White resigns"]
[WhiteElo "1272"]
[BlackElo "2020"]
[Opening "Scandinavian: Pytel-Wade variation"]
[ECO "B01"]
[NIC "SD.02"]
[Time "19:03:31"]
[TimeControl "180+0"]

1. e4 d5 2. exd5 Qxd5 3. Nc3 Qd6 4. Nf3 Nf6 5. Bc4 g6 6. O-O Bg7 7. d3 O-O
8. Bg5 a6 9. a4 Nc6 10. Bh4 Bg4 11. h3 Bxf3 12. Qxf3 Nd4 13. Qd1 e5 14. Bg3
Rad8 15. f4 exf4 16. Bxf4 Qb6 17. Kh1 Qxb2 18. Ne2 Nxe2 19. Qxe2 Nh5 20.
Rab1 Nxf4 21. Rxb2 Nxe2 22. Rxb7 Ng3+ 23. Kg1 Bd4+ 24. Kh2 Nxf1+ 25. Kh1
{White resigns}
0-1

[Event "ICCopen2016"]
[Site "Internet Chess Club"]
[Date "2016.06.03"]
[Round "1"]
[White "Oblique"]
[Black "Kakarotto"]
[Result "0-1"]
[ICCResult "White resigns"]
[WhiteElo "1679"]
[BlackElo "2644"]
[Opening "Trompowsky attack (Ruth, Opocenský opening)"]
[ECO "A45"]
[NIC "QP.07"]
[Time "19:03:06"]
[TimeControl "180+0"]

1. d4 Nf6 2. Bg5 e6 3. e3 d5 4. Bd3 Be7 5. Nd2 b6 6. c3 Bb7 7. f4 Nbd7 8.
Ngf3 Ne4 9. Bxe7 Qxe7 10. Bxe4 dxe4 11. Ne5 Nxe5 12. fxe5 Qh4+ 13. g3 Qg5
14. Qe2 O-O-O 15. O-O f5 16. exf6 gxf6 17. Qf2 f5 18. Qf4 Qg6 19. Nc4 h5 20.
Ne5 Qg7 21. a4 h4 22. a5 hxg3 23. Qxg3 Qh7 24. Rf2 Rdg8 25. Qxg8+ Rxg8+ 26.
Kh1 {White resigns} 0-1

[Event "ICCopen2016"]
[Site "Internet Chess Club"]
[Date "2016.06.03"]
[Round "1"]
[White "Rayconniff"]
[Black "HuevosDeLeon"]
[Result "0-1"]
[ICCResult "White resigns"]
[WhiteElo "1641"]
[BlackElo "2556"]
[Opening "Alekhine's defense: exchange variation"]
[ECO "B03"]
[NIC "AL.08"]
[Time "19:02:36"]
[TimeControl "180+0"]

1. e4 Nf6 2. e5 Nd5 3. d4 d6 4. c4 Nb6 5. exd6 exd6 6. Nf3 Be7 7. Nc3 O-O 8.
Be2 Bg4 9. b3 Bf6 10. Bb2 Re8 11. O-O Nc6 12. d5 Bxf3 13. Bxf3 Nd4 14. Be4
Nd7 15. Re1 Nc5 16. Qg4 Qc8 17. Qh5 g6 18. Qd1 Bg7 19. Qd2 Qg4 20. Bd3 Nf3+
{White resigns}
0-1

[Event "ICCopen2016"]
[Site "Internet Chess Club"]
[Date "2016.06.03"]
[Round "1"]
[White "papko"]
[Black "El-Kaiser"]
[Result "0-1"]
[ICCResult "White resigns"]
[WhiteElo "1520"]
[BlackElo "2376"]
[Opening "French: Paulsen variation"]
[ECO "C10"]
[NIC "FR.04"]
[Time "19:02:46"]
[TimeControl "180+0"]

1. e4 e6 2. Nc3 d5 3. d4 Nc6 4. e5 f6 5. f4 fxe5 6. fxe5 Qh4+ 7. g3 Qxd4 8.
Qe2 Qxe5 9. Be3 d4 10. O-O-O Qxe3+ 11. Qxe3 dxe3 12. Nf3 Bd6 13. Bb5 Bd7 14.
Rhe1 Nf6 15. Rxe3 O-O 16. Ng5 Rae8 17. a4 h6 18. Nf3 a6 19. Bc4 Ng4 20. Red3
Nce5 21. Nxe5 Nxe5 22. Rd4 Nxc4 23. Rxc4 Bc6 {White resigns} 0-1

[Event "ICCopen2016"]
[Site "Internet Chess Club"]
[Date "2016.06.03"]
[Round "1"]
[White "Tresor77"]
[Black "kvicc"]
[Result "0-1"]
[ICCResult "White resigns"]
[WhiteElo "1380"]
[BlackElo "2210"]
[Opening "Sicilian: accelerated fianchetto, Maróczy bind"]
[ECO "B36"]
[NIC "SI.33"]
[Time "19:03:10"]
[TimeControl "180+0"]

1. e4 c5 2. Nf3 Nc6 3. d4 cxd4 4. Nxd4 g6 5. c4 Nf6 6. Nc2 d6 7. Nc3 Bg7 8.
Be2 O-O 9. O-O Be6 10. Be3 Ne5 11. b3 Nfd7 12. Qd2 Nc6 13. Rac1 Qa5 14. Rfd1
Bxc3 15. Qd3 Nde5 16. Qxc3 Qxc3 17. Bd2 Qb2 18. Rb1 Qxc2 19. Rbc1 Qxe4 20.
Bf3 Nxf3+ 21. gxf3 Qxf3 22. Be3 Bh3 {White resigns} 0-1

[Event "ICCopen2016"]
[Site "Internet Chess Club"]
[Date "2016.06.03"]
[Round "1"]
[White "TitaniumNinja01"]
[Black "JugadaAjugada"]
[Result "0-1"]
[ICCResult "White checkmated"]
[WhiteElo "1283"]
[BlackElo "2052"]
[Opening "Sicilian: Canal-Sokolsky attack, 3...Bd7"]
[ECO "B52"]
[NIC "SI.01"]
[Time "19:02:31"]
[TimeControl "180+0"]

1. e4 c5 2. Nf3 d6 3. Bb5+ Bd7 4. Bxd7+ Qxd7 5. d4 cxd4 6. Nxd4 Nf6 7. Nc3
g6 8. Be3 Bg7 9. O-O Nc6 10. Nxc6 Qxc6 11. Qd3 O-O 12. Rad1 Rfc8 13. Rfe1 a6
14. a3 b5 15. Rd2 Rab8 16. Nd5 Nxd5 17. exd5 Qc4 18. b3 Qxd3 19. cxd3 Bc3
20. Rc1 Bxd2 21. Rxc8+ Rxc8 22. Bxd2 Rc2 23. Be1 Rb2 24. b4 Rb3 25. h4 Rxd3
26. Kh2 Rxd5 27. f3 Rd3 28. g3 Rxa3 29. Kg2 Ra2+ 30. Kh3 f5 31. f4 Kf7 32.
g4 h5 33. gxf5 gxf5 34. Kg3 Ke6 35. Kf3 Kd5 36. Ke3 e5 37. Kf3 e4+ 38. Ke3
Kc4 39. Bd2 d5 40. Be1 d4# {White checkmated} 0-1

[Event "ICCopen2016"]
[Site "Internet Chess Club"]
[Date "2016.06.03"]
[Round "1"]
[White "Eraser007"]
[Black "doodlestoo"]
[Result "1-0"]
[ICCResult "Black resigns"]
[WhiteElo "2215"]
[BlackElo "1388"]
[Opening "Philidor: Larsen variation"]
[ECO "C41"]
[NIC "KP.08"]
[Time "19:02:51"]
[TimeControl "180+0"]

1. e4 e5 2. Nf3 d6 3. d4 exd4 4. Nxd4 g6 5. Nc3 Bg7 6. Be3 Nf6 7. Be2 O-O 8.
O-O Re8 9. f3 a6 10. Qd2 b5 11. a3 Bb7 12. Rad1 Nbd7 13. h3 Qe7 14. Rfe1
Rad8 15. Bf2 c5 16. Nb3 Ne5 17. f4 Nc6 18. Bf3 Qc7 19. Nd5 Nxd5 20. exd5 Ne7
21. c3 Nf5 22. g4 Ne7 23. Bh4 Kf8 24. Nc1 a5 25. Ne2 c4 26. Ng3 Bc8 27. Qc2
f6 28. Ne4 Bd7 29. Bxf6 Bxf6 30. Nxf6 Kg7 31. Nxe8+ Rxe8 32. Qd2 {Black
resigns} 1-0

[Event "ICCopen2016"]
[Site "Internet Chess Club"]
[Date "2016.06.03"]
[Round "1"]
[White "skippykid"]
[Black "hunterking"]
[Result "1-0"]
[ICCResult "Black resigns"]
[WhiteElo "2258"]
[BlackElo "1404"]
[Opening "French: exchange variation"]
[ECO "C01"]
[NIC "FR.01"]
[Time "19:02:34"]
[TimeControl "180+0"]

1. e4 e6 2. d4 d5 3. exd5 exd5 4. c4 Nf6 5. Nc3 Bb4 6. Nf3 O-O 7. Be2 c6 8.
O-O dxc4 9. Bxc4 b5 10. Bb3 a6 11. Bg5 Nbd7 12. Rc1 Bb7 13. Qc2 Rc8 14. Ne5
Nxe5 15. dxe5 Nd5 16. Bxd8 Rfxd8 17. Qf5 g6 18. Qf3 c5 19. Nxd5 Bxd5 20.
Bxd5 {Black resigns} 1-0

[Event "ICCopen2016"]
[Site "Internet Chess Club"]
[Date "2016.06.03"]
[Round "1"]
[White "faust"]
[Black "Koval"]
[Result "1-0"]
[ICCResult "Black checkmated"]
[WhiteElo "3227"]
[BlackElo "1941"]
[Opening "French: Winawer, Petrosian variation"]
[ECO "C16"]
[NIC "FR.09"]
[Time "19:03:04"]
[TimeControl "180+0"]

1. e4 e6 2. d4 d5 3. Nc3 Bb4 4. e5 Qd7 5. Qg4 f5 6. Qh3 b6 7. a3 Bf8 8. Nge2
Ba6 9. Bg5 c5 10. O-O-O Bxe2 11. Bxe2 c4 12. Bxc4 dxc4 13. d5 Be7 14. Bf4
exd5 15. e6 Qc6 16. Nxd5 Na6 17. Qxf5 Nf6 18. Nxe7 Kxe7 19. Rd6 Qc5 20. Rd7+
Nxd7 21. Qf7+ Kd8 22. Qxd7# {Black checkmated} 1-0

[Event "ICCopen2016"]
[Site "Internet Chess Club"]
[Date "2016.06.03"]
[Round "1"]
[White "rookfish"]
[Black "Chaos23"]
[Result "0-1"]
[ICCResult "White resigns"]
[WhiteElo "1071"]
[BlackElo "1948"]
[Opening "Robatsch (modern) defense"]
[ECO "B06"]
[NIC "KF.06"]
[Time "19:02:49"]
[TimeControl "180+0"]

1. e4 g6 2. Nf3 Bg7 3. g3 d5 4. d3 Bg4 5. Bg2 dxe4 6. O-O Bxf3 7. Bxf3 exf3
8. Qxf3 Nc6 9. c3 Nf6 10. Nd2 O-O 11. Re1 Re8 12. b3 Qd5 13. Qe3 Rad8 14. c4
Qxd3 15. Qf4 Nh5 16. Qg4 Bxa1 17. Ne4 f5 18. Qg5 fxe4 19. Qh6 Bg7 20. Qg5
Qc3 21. Rf1 Nd4 22. Ba3 Nf3+ {White resigns} 0-1

[Event "ICCopen2016"]
[Site "Internet Chess Club"]
[Date "2016.06.03"]
[Round "1"]
[White "croder"]
[Black "olimpus"]
[Result "0-1"]
[ICCResult "White checkmated"]
[WhiteElo "1710"]
[BlackElo "2739"]
[Opening "Vienna game, Max Lange defense"]
[ECO "C25"]
[NIC "VG.04"]
[Time "19:02:41"]
[TimeControl "180+0"]

1. e4 e5 2. Nc3 Nc6 3. d3 g6 4. Be3 Bg7 5. Qd2 Nge7 6. O-O-O h6 7. Kb1 d5 8.
exd5 Nxd5 9. Nxd5 Qxd5 10. c4 Qd6 11. Nf3 Bf5 12. Qc2 O-O-O 13. h3 e4 14.
Nh4 exd3 15. Qd2 Ne5 16. Nxf5 gxf5 17. b3 Nxc4 18. Qxd3 Na3+ 19. Kc1 Qc6+
20. Qc4 Nxc4 21. Bxc4 b5 22. Bxa7 bxc4 23. Kb1 cxb3 24. axb3 Qc3 25. Ka2
Qb2# {White checkmated} 0-1

[Event "ICCopen2016"]
[Site "Internet Chess Club"]
[Date "2016.06.03"]
[Round "1"]
[White "Ajolote"]
[Black "akibael"]
[Result "0-1"]
[ICCResult "White checkmated"]
[WhiteElo "1432"]
[BlackElo "2278"]
[Opening "Sicilian: closed"]
[ECO "B23"]
[NIC "SI.44"]
[Time "19:02:55"]
[TimeControl "180+0"]

1. e4 c5 2. Nc3 e6 3. g3 d6 4. Bg2 Nf6 5. d3 Nc6 6. Nge2 Be7 7. Be3 O-O 8.
h3 Rb8 9. O-O b5 10. Qd2 b4 11. Nd1 Bb7 12. f4 Qc7 13. b3 Rfe8 14. Nb2 a5
15. Nc4 d5 16. exd5 exd5 17. Nb2 Bf8 18. d4 Qe7 19. Nd1 Ba6 20. Re1 Bxe2 21.
Rxe2 Nxd4 22. Re1 Ne4 23. Qc1 Nxg3 24. Nf2 Nge2+ 25. Rxe2 Nxe2+ 26. Kh2 Nxc1
27. Rxc1 Qxe3 28. Ng4 Qxf4+ 29. Kh1 Qxc1+ 30. Kh2 Bd6+ 31. Ne5 Bxe5#
{White checkmated}
0-1

[Event "ICCopen2016"]
[Site "Internet Chess Club"]
[Date "2016.06.03"]
[Round "1"]
[White "carpenter"]
[Black "padmanandhini"]
[Result "1-0"]
[ICCResult "Black checkmated"]
[WhiteElo "2178"]
[BlackElo "1447"]
[Opening "Giuoco Pianissimo: Italian four knights variation"]
[ECO "C47"]
[NIC "KP.06"]
[Time "19:02:33"]
[TimeControl "180+0"]

1. e4 e5 2. Nf3 Nc6 3. Nc3 Nf6 4. Bc4 Bc5 5. d3 d6 6. h3 h6 7. a3 a6 8. b4
Bb6 9. Bb3 Bd7 10. Bb2 O-O 11. g4 Bd4 12. g5 hxg5 13. Nxg5 Bxc3+ 14. Bxc3
Ne8 15. Qh5 Nf6 16. Bxf7+ Rxf7 17. Qxf7+ Kh8 18. Rg1 Be8 19. Qf8+ Ng8 20.
Nf7+ Bxf7 21. Qxg7# {Black checkmated} 1-0

[Event "ICCopen2016"]
[Site "Internet Chess Club"]
[Date "2016.06.03"]
[Round "1"]
[White "Attalus"]
[Black "Spirals"]
[Result "0-1"]
[ICCResult "White resigns"]
[WhiteElo "1343"]
[BlackElo "2169"]
[Opening "English: four knights, Nimzovich variation"]
[ECO "A25"]
[NIC "EO.23"]
[Time "19:03:05"]
[TimeControl "180+0"]

1. c4 e5 2. Nc3 Nc6 3. e4 Nf6 4. Nf3 Bc5 5. Be2 d6 6. O-O O-O 7. d3 h6 8. a3
a5 9. Bd2 Be6 10. Qc1 Nh7 11. Bxh6 gxh6 12. Qxh6 Qf6 13. Qxf6 Nxf6 14. Ng5
Nd4 15. Nxe6 fxe6 16. Bd1 Kf7 17. g3 Ke7 18. Kg2 Rg8 19. Nb5 Nxb5 20. cxb5
Bd4 21. Rb1 d5 22. f4 dxe4 23. dxe4 Nxe4 24. fxe5 Nd2 {White resigns} 0-1

[Event "ICCopen2016"]
[Site "Internet Chess Club"]
[Date "2016.06.03"]
[Round "1"]
[White "bullbuffalo"]
[Black "Drahacik"]
[Result "0-1"]
[ICCResult "White checkmated"]
[WhiteElo "1321"]
[BlackElo "2123"]
[Opening "Polish (Sokolsky) opening"]
[ECO "A00"]
[NIC "VO.10"]
[Time "19:02:36"]
[TimeControl "180+0"]

1. b4 d5 2. Bb2 Qd6 3. a3 e5 4. e3 Nf6 5. h3 Bf5 6. c4 c6 7. c5 Qc7 8. Nc3
Nbd7 9. Qb3 Be7 10. Nf3 h5 11. h4 O-O 12. Ng5 Rfe8 13. Be2 Bg6 14. f4 exf4
15. exf4 Ng4 16. Nd1 Bf6 17. O-O Rxe2 18. Ne3 Nxe3 19. dxe3 Rxb2 20. Qxb2
Bxb2 21. Rab1 Bf6 22. b5 Bxg5 23. hxg5 Nxc5 24. bxc6 bxc6 25. Rb4 Ne4 26.
Rfb1 Qd7 27. Rb7 Qg4 28. Re7 Qg3 29. Rxe4 Bxe4 30. Rf1 Qxg2# {White
checkmated} 0-1

[Event "ICCopen2016"]
[Site "Internet Chess Club"]
[Date "2016.06.03"]
[Round "1"]
[White "fviana"]
[Black "welo1969"]
[Result "1-0"]
[ICCResult "Black resigns"]
[WhiteElo "2140"]
[BlackElo "1330"]
[Opening "Torre attack (Tartakower variation)"]
[ECO "D03"]
[NIC "QP.08"]
[Time "19:03:25"]
[TimeControl "180+0"]

1. d4 d5 2. Nf3 Nf6 3. Bg5 c5 4. c3 cxd4 5. cxd4 Ne4 6. Bf4 Nc6 7. e3 Qb6 8.
Qb3 Qxb3 9. axb3 Nb4 10. Bb5+ Bd7 11. Bxd7+ Kxd7 12. Ne5+ Ke8 13. O-O f6 14.
Nf3 e6 15. Nc3 Kd7 16. Nxe4 dxe4 17. Nd2 f5 18. Nc4 Nc6 19. Nb6+ axb6 20.
Rxa8 h6 21. Rd1 Ne7 22. Rc1 Nd5 23. Rcc8 Ke7 24. Be5 b5 25. Re8+ Kf7 26.
Reb8 Nb6 27. Rxb7+ {Black resigns} 1-0

[Event "ICCopen2016"]
[Site "Internet Chess Club"]
[Date "2016.06.03"]
[Round "1"]
[White "ChessGeek"]
[Black "Nedwis"]
[Result "0-1"]
[ICCResult "White checkmated"]
[WhiteElo "1816"]
[BlackElo "2914"]
[Opening "Alekhine's defense: Balogh variation"]
[ECO "B03"]
[NIC "AL.09"]
[Time "19:03:17"]
[TimeControl "180+0"]

1. e4 Nf6 2. e5 Nd5 3. d4 d6 4. Bc4 Nb6 5. e6 Nxc4 6. exf7+ Kxf7 7. Qh5+ g6
8. Qd5+ Be6 9. Qxb7 Nd7 10. d5 Bf5 11. Qb3 Nce5 12. f4 Nc5 13. Qc3 Ned3+ 14.
cxd3 Nxd3+ 15. Kf1 Bg7 16. Qd2 Qd7 17. Nc3 Rhf8 18. Nf3 Kg8 19. Nh4 Nxf4 20.
Nf3 Bd3+ 21. Kg1 Qg4 22. Qf2 Nh3# {White checkmated} 0-1

[Event "ICCopen2016"]
[Site "Internet Chess Club"]
[Date "2016.06.03"]
[Round "1"]
[White "fito"]
[Black "ebochess"]
[Result "1-0"]
[ICCResult "Black resigns"]
[WhiteElo "2287"]
[BlackElo "1435"]
[Opening "Caro-Kann: Panov-Botvinnik attack, 5...e6"]
[ECO "B14"]
[NIC "CK.03"]
[Time "19:03:12"]
[TimeControl "180+0"]

1. e4 c6 2. c4 d5 3. exd5 cxd5 4. d4 Nf6 5. Nc3 e6 6. Nf3 Be7 7. Bd3 O-O 8.
O-O b6 9. cxd5 Nxd5 10. Bd2 Bb7 11. Rc1 Nc6 12. Re1 Rc8 13. Ne4 Ncb4 14. Bb1
Ba6 15. Bg5 Rxc1 16. Bxc1 Qd7 17. a3 Nc6 18. Qc2 Rc8 19. Nc5 Bd3 20. Qxd3 g6
21. Nxd7 {Black resigns} 1-0

[Event "ICCopen2016"]
[Site "Internet Chess Club"]
[Date "2016.06.03"]
[Round "1"]
[White "Krister"]
[Black "Kalmyk"]
[Result "0-1"]
[ICCResult "White resigns"]
[WhiteElo "1873"]
[BlackElo "3061"]
[Opening "Four knights: Scotch, 4...exd4"]
[ECO "C47"]
[NIC "KP.06"]
[Time "19:02:43"]
[TimeControl "180+0"]

1. e4 e5 2. Nf3 Nc6 3. Nc3 Nf6 4. d4 exd4 5. Nxd4 Bb4 6. Nxc6 bxc6 7. Bd3
O-O 8. O-O Re8 9. h3 d6 10. Qf3 Rb8 11. Bg5 h6 12. Bxf6 Qxf6 13. Qxf6 gxf6
14. Nd1 Bc5 15. b3 d5 16. exd5 cxd5 17. Nc3 c6 18. Na4 Bd6 19. Rae1 Bd7 20.
Rxe8+ Rxe8 21. Rd1 Kg7 22. Kf1 f5 23. c4 d4 24. c5 Be5 25. Nb2 Kf6 26. Nc4
Bc7 27. g3 Be6 28. h4 f4 29. gxf4 Bh3+ 30. Kg1 Bxf4 31. Nd6 Rg8+ 32. Kh1
Bg2+ 33. Kg1 Bf3+ 34. Kf1 Bxd1 {White resigns} 0-1

[Event "ICCopen2016"]
[Site "Internet Chess Club"]
[Date "2016.06.03"]
[Round "1"]
[White "SCORPION83"]
[Black "kingsac"]
[Result "1-0"]
[ICCResult "Black resigns"]
[WhiteElo "3031"]
[BlackElo "1855"]
[Opening "Old Benoni defense"]
[ECO "A44"]
[NIC "OI.09"]
[Time "19:03:15"]
[TimeControl "180+0"]

1. d4 c5 2. d5 e5 3. e4 Ne7 4. Nc3 Ng6 5. Nf3 d6 6. Be2 Be7 7. g3 Nd7 8. h4
Nf6 9. Nd2 a6 10. a4 Bd7 11. a5 h5 12. f3 Nf8 13. Nc4 g6 14. Be3 Bc8 15. Qb1
N6d7 16. b4 cxb4 17. Qxb4 Rb8 18. Na4 Nc5 19. Nxc5 dxc5 20. Bxc5 Bxc5 21.
Qxc5 Nd7 22. Qd6 Qe7 23. Kd2 Qxd6 24. Nxd6+ Ke7 25. Nc4 b5 26. axb6 Nxb6 27.
Nxb6 Rxb6 28. Rhb1 Rxb1 29. Rxb1 Rd8 30. c4 Rd7 31. c5 Rb7 32. Rxb7+ Bxb7
33. Kc3 f5 34. Kb4 fxe4 35. fxe4 g5 36. hxg5 a5+ 37. Kxa5 {Black resigns}
1-0

[Event "ICCopen2016"]
[Site "Internet Chess Club"]
[Date "2016.06.03"]
[Round "1"]
[White "kaimann"]
[Black "hipopotamos"]
[Result "1-0"]
[ICCResult "Black checkmated"]
[WhiteElo "1946"]
[BlackElo "1043"]
[Opening "Four knights: Italian variation"]
[ECO "C47"]
[NIC "VG.04"]
[Time "19:03:33"]
[TimeControl "180+0"]

1. e4 e5 2. Nc3 Nf6 3. Nf3 Nc6 4. Bc4 h6 5. d4 exd4 6. Nxd4 Nxd4 7. Qxd4 b6
8. O-O Bc5 9. Qd3 Qe7 10. Bf4 d6 11. e5 dxe5 12. Bxe5 Qxe5 13. Rae1 Qe7 14.
Rxe7+ Kxe7 15. Nd5+ Nxd5 16. Bxd5 Rb8 17. Re1+ Kf8 18. Qe4 Kg8 19. Qe8+ Kh7
20. Be4+ g6 21. Qxf7# {Black checkmated} 1-0

[Event "ICCopen2016"]
[Site "Internet Chess Club"]
[Date "2016.06.03"]
[Round "1"]
[White "chessasuke91"]
[Black "orangeC"]
[Result "1-0"]
[ICCResult "Black resigns"]
[WhiteElo "2587"]
[BlackElo "1645"]
[Opening "Robatsch defense: two knights, Suttles variation"]
[ECO "B06"]
[NIC "KF.05"]
[Time "19:03:02"]
[TimeControl "180+0"]

1. e4 g6 2. d4 Bg7 3. Nc3 c6 4. Nf3 d6 5. Bc4 b5 6. Bb3 a5 7. a4 b4 8. Ne2
Nf6 9. Ng3 Ba6 10. Bg5 O-O 11. Qd2 Qc7 12. Bh6 Nbd7 13. Bxg7 Kxg7 14. h4 h6
15. h5 g5 16. Nf5+ Kh7 17. Qe3 e5 18. Nxg5+ hxg5 19. Qxg5 {Black resigns}
1-0

[Event "ICCopen2016"]
[Site "Internet Chess Club"]
[Date "2016.06.03"]
[Round "1"]
[White "Kandor"]
[Black "Tyrel"]
[Result "0-1"]
[ICCResult "White checkmated"]
[WhiteElo "1147"]
[BlackElo "1961"]
[Opening "Scandinavian (center counter) defense"]
[ECO "B01"]
[NIC "VO.17"]
[Time "19:03:09"]
[TimeControl "180+0"]

1. e4 d5 2. d3 dxe4 3. dxe4 Qxd1+ 4. Kxd1 Nf6 5. Nd2 e5 6. Ke1 Be6 7. Ngf3
Nbd7 8. Bb5 c6 9. Ba4 Nc5 10. Bb3 Nxb3 11. axb3 Bd6 12. c4 Ke7 13. Ke2 Rhd8
14. Re1 Bg4 15. Kf1 Bb4 16. Rd1 Bxf3 17. Nxf3 Rxd1+ 18. Ke2 Rad8 19. Ra4 a5
20. h3 Rxc1 21. Nxe5 Rd2+ 22. Ke3 Re1+ 23. Kf3 Nxe4 24. Rxb4 Rxf2+ 25. Kg4
f5+ 26. Kh4 axb4 27. Nf3 g5+ 28. Nxg5 Nxg5 29. Kxg5 Rxg2+ 30. Kxf5 Rf2+ 31.
Kg4 Rg1+ 32. Kh4 Rf6 33. c5 Rh6# {White checkmated} 0-1